Unix NetHack Version 5.0.0-0 post-release - last build May 23 2026 06:08:33 (1c0ff79ee797540d5714e4e18072db0edd9e58ae,branch:main).

Game began 2026-05-29 21:17:27, ended 2026-05-29 21:42:30.

DaveT, lawful male human Priest

                               ---------
           ----------          |.......|
           |.=...=.=|          |.......-#        -------    ------
           |*..=*=.*|          |.......|#        |.....|    |....|
           |.....=.=|          |.......|#       #-......####......##
           |........|         #........|#       #|.....|    |....| #
           |=......=|         #---------#       #-----.-    ----+- #
           ---|------         #         #       #     ####         #
              #               ##        #       #      #### #      #
              #                ##       #       #         ###      #
              #                 ##      #       #         #######  #
              #          --------#      #       #   -------.--- ## #
              #         #.......|#      #       #   |...`.....|  ######
             ##      ####|.......#      #       #   |..>...^..|    #--|----
           --.--######   |......|       #       #   |....*....|    #|.....|
           |...-#        +......|       #-------#   ---.-------    #|%....|
  @o######)*...|         --------       #|....<|#      #           %..(...|
           |...-#########################-.*....########            |.....|
           -----                         -------                    -------

DaveT the Adept              St:16 Dx:14 Co:15 In:9 Wi:18 Ch:9  Lawful
Dlvl:4  $:5  HP:0(36) Pw:68(68) AC:6  Xp:6 T:4045 

Latest messages:
 You hear the chime of a cash register.
 You stop digging.
 You continue digging.
 You hit the rock with all your might.
 You succeed in cutting away some rock.
 You stop digging.
 What do you want to use or apply? [kpqyG or ?*] <space>
 Never mind.
 You don't have anything else to wear.
 The Mordor orc throws a knife!
 The knife misses the yellow light.
 You are hit by a knife.
 You see here a cursed knife.
 d - a cursed knife.
 What do you want to throw? [$adstN or ?*] d
 In what direction? l
 The knife misses the yellow light.
 You see here a cursed knife.
 You begin bashing monsters with your pick-axe.
 You miss the Mordor orc.
 You hit the Mordor orc.
 The Mordor orc just misses!
 You kill the Mordor orc!
 The yellow light explodes!
 You are blinded by a blast of light!
 You try to feel what is lying here on the doorway.
 You try to feel what is lying here on the ground.
 You feel here a cursed knife.
 It misses.
 You stop waiting.
 You can see again.
 You stop waiting.
 You hit the Mordor orc.
 The Mordor orc swings her curved sword.
 The Mordor orc hits!
 You miss the Mordor orc.
 You hit the Mordor orc.
 You hit the Mordor orc.
 The Mordor orc swings her curved sword.
 The Mordor orc hits!
 You miss the Mordor orc.
 You miss the Mordor orc.
 The Mordor orc swings her curved sword.
 The Mordor orc hits!
 You hit the Mordor orc.
 The Mordor orc swings her curved sword.
 The Mordor orc hits!
 You die...
 Do you want your possessions identified? [ynq] (y) y
 Do you want to see your attributes? [ynq] (y) q

Inventory:
 Coins    ('$')
  $ - 5 gold pieces
 Amulets  ('"')
  E - an amulet of unchanging (being worn)
 Weapons  (')')
  s - 30 +0 arrows
  t - 4 +0 daggers
  N - the +1 Demonbane
  a - a blessed +7 mace
 Armor    ('[')
  M - a blessed +0 orcish helm (being worn)
  c - a +0 small shield (being worn)
  b - a +0 robe (being worn)
 Comestibles  ('%')
  e - a clove of garlic
  f - a sprig of wolfsbane
 Scrolls  ('?')
  D - a blessed scroll of blank paper
  L - a blessed scroll of enchant weapon
 Spellbooks  ('+')
  q - a spellbook of cancellation
  k - a spellbook of knock
 Potions  ('!')
  m - a cursed potion of healing
  K - a potion of paralysis
  l - 3 potions of holy water
 Rings    ('=')
  r - a ring of stealth (on left hand)
 Tools    ('(')
  y - a magic flute (0:6)
  G - a +0 pick-axe (weapon in right hand)
  p - a tin whistle

DaveT the Priest's attributes:

Background:
 You were an Adept, a level 6 human Priest.
 You were lawful, on a mission for Lugh
 who was opposed by Brigit (neutral) and Manannan Mac Lir (chaotic).
 You were right-handed.
 You were in the Dungeons of Doom, on level 4.
 You entered the dungeon 4045 turns ago.
 You had 515 experience points, 125 more were needed to attain level 7.

Basics:
 You had 0 out of 36 hit points.
 You had all 68 energy points (spell power).
 Your armor class was 6.
 Your wallet contained 5 zorkmids.
 Autopickup was off.

Final Characteristics:
 Your strength was 16 (limit:18/100).
 Your dexterity was 14 (limit:18).
 Your constitution was 15 (limit:18).
 Your intelligence was 9 (limit:18).
 Your wisdom was 18 (limit:18).
 Your charisma was 9 (limit:18).

Final Status:
 You weren't hungry.
 You were unencumbered.
 You were wielding a pick-axe.
 You had no skill with pick-axe.

Final Attributes:
 You were piously aligned.
 You were stealthy.
 You were guarded.
 Your spell casting was enhanced by wearing a robe.
 You couldn't change from your current form.
 You are dead.

Miscellaneous:
 You didn't encounter any bones levels.
 Total elapsed playing time was 25 minutes and 1 second.

Major events:
 Turn
    1: DaveT the lawful human Priest entered the dungeon
  650: entered the Gnomish Mines
 2554: attained the rank of Adept (level 6)
 3377: was bestowed with Demonbane by Lugh
 4045: killed by a Mordor orc

Spells:
 Name                 Level Category     Fail Retention
 healing                1   healing        0%  76%-100%
 detect unseen          3   divination    73%  76%-100%

Skills:
 Fighting Skills
   bare handed combat [Unskilled]
 Weapon Skills
   club               [Unskilled]
   mace               [Skilled]
   morning star       [Unskilled]
   flail              [Unskilled]
   hammer             [Unskilled]
   quarterstaff       [Unskilled]
   polearms           [Unskilled]
   spear              [Unskilled]
   trident            [Unskilled]
   lance              [Unskilled]
   bow                [Unskilled]
   sling              [Unskilled]
   crossbow           [Unskilled]
   dart               [Unskilled]
   shuriken           [Unskilled]
   boomerang          [Unskilled]
   unicorn horn       [Unskilled]
 Spellcasting Skills
   healing spells     [Unskilled]
   divination spells  [Unskilled]
   clerical spells    [Basic]

Voluntary challenges:
 Character rerolling was not enabled.
 You never genocided any monsters.
 You never polymorphed an object.
 You never changed form.
 You used no wishes.
Achievements:
 You entered the Gnomish Mines.
 You entered a shop.
 You attained the rank of Adept.

 The Dungeons of Doom: levels 1 to 6
    Level 1: "vault door in NE"
       An altar, a fountain.
    Level 2:
       A sink.
    Level 3:
       A general store, a fountain.
       Stairs down to The Gnomish Mines.
    Level 4: <- You were here.
       A ring shop.
       Final resting place for
          you, killed by a Mordor orc.
    Level 5:
       A general store, an altar to Lugh.
    Level 6:
 The Gnomish Mines:
    Level 4:


Vanquished creatures:
  a large mimic
  2 small mimics
  a Mordor orc
  a rock piercer
  a pony
  a yellow light
  a gnome leader
  a gnomish wizard
  a gray ooze
  a giant ant
  a little dog
  a floating eye
  a dwarf
  a homunculus
  a kobold leader
  a kobold shaman
  a rothe
  a centipede
  a giant bat
  a werejackal
  2 iguanas
 an acid blob
  2 hobbits
  a large kobold
  2 hobgoblins
  2 cave spiders
  2 yellow molds
  a green mold
  a red mold
 10 gnomes
  a gnome zombie
  3 geckos
  a jackal
  a fox
  7 sewer rats
  8 grid bugs
  a lichen
  2 kobold zombies
  4 newts
73 creatures vanquished.

No species were genocided or became extinct.

Game over:
                       ----------
                      /          \
                     /    REST    \
                    /      IN      \
                   /     PEACE      \
                  /                  \
                  |      DaveT       |
                  |       5 Au       |
                  |   killed by a    |
                  |    Mordor orc    |
                  |                  |
                  |                  |
                  |       2026       |
                 *|     *  *  *      | *
        _________)/\\_//(\/(/\)/\//\/|_)_______

Goodbye DaveT the Priest...

You died in The Dungeons of Doom on dungeon level 4 with 2211 points,
and 5 pieces of gold, after 4045 moves.
You were level 6 with a maximum of 36 hit points when you died.

